SNL (28 & UNDER)
SANTA FE DIABLOS @ WEST VIRGINIA POWER
06/19/2023
 
TOP OF THE 1ST
Santa Fe Diablos batting - Pitching for West Virginia Power : RHP Enrique Rúbio
Pitching: RHP Enrique Rúbio
Batting: RHB Henning Huisman 0-0: Foul Ball, location: 2F
0-1: Ball
1-1: Called Strike
1-2: Strikes out looking
Batting: RHB Robert Johnson 0-0: SINGLE (Flyball, 9LS)
Batting: RHB Iván Gonzáles 0-0: Called Strike
0-1: Ground out U3 (Groundball, 3S)
Robert Johnson to second
Batting: RHB Randy Sheppard 0-0: Called Strike
0-1: Ball
1-1: Fly out, F8 (Flyball, 8RM)
Top of the 1st over - 0 run(s), 1 hit(s), 0 error(s), 1 left on base; Santa Fe 0 - West Virginia 0
BOTTOM OF THE 1ST
West Virginia Power batting - Pitching for Santa Fe Diablos : RHP Tex Perkins
Pitching: RHP Tex Perkins
Batting: RHB Alfonso Huertas 0-0: SINGLE (Flyball, 4MD)
Batting: RHB Eric Johnson 0-0: Fly out, F6 (Line Drive, 6M)
Batting: RHB Wilson Gonzáles 0-0: Ball
Alfonso Huertas steals 2nd base
1-0: Ball
2-0: Called Strike
2-1: Called Strike
2-2: SINGLE (Groundball, 56D)
Alfonso Huertas to third
Runner from 3rd tries for Home, SAFE, no throw or cutoff
Batting: RHB Cristián Herrera 0-0: Called Strike
0-1: Ball
1-1: Ball
2-1: SINGLE (Line Drive, 6MD)
Wilson Gonzáles to second
Batting: LHB Jesús Ángel 0-0: Fly out, F4 (Popup, 34)
Batting: RHB Rubén Ayala 0-0: Ground out 5-3 (Groundball, 5L)
Bottom of the 1st over - 1 run(s), 3 hit(s), 0 error(s), 2 left on base; Santa Fe 0 - West Virginia 1
TOP OF THE 2ND
Santa Fe Diablos batting - Pitching for West Virginia Power : RHP Enrique Rúbio
Batting: SHB António Hernández 0-0: Ball
1-0: Ball
2-0: Foul Ball, location: 2F
2-1: Ball
3-1: Base on Balls
Batting: LHB Roberto Sandoval 0-0: DOUBLE (Flyball, 78D)
António Hernández to third
Batting: RHB Michael Anderson 0-0: Foul Ball, location: 2F
0-1: Ball
1-1: Ball
2-1: Fly out, F7 (Flyball, 7M)
Runner from 3rd tags up, SCORES, no throw
Batting: RHB Jorge Rodríguez 0-0: Ball
1-0: Foul Ball, location: 2F
1-1: Called Strike
1-2: Fly out, F8 (Flyball, 8RM)
Batting: LHB Juan Ontiveros 0-0: Swinging Strike
0-1: Called Strike
0-2: Ball
1-2: Strikes out looking
Top of the 2nd over - 1 run(s), 1 hit(s), 0 error(s), 1 left on base; Santa Fe 1 - West Virginia 1
BOTTOM OF THE 2ND
West Virginia Power batting - Pitching for Santa Fe Diablos : RHP Tex Perkins
Batting: LHB Ernie Jackson 0-0: Foul Ball, location: 2F
0-1: Fly out, F4 (Line Drive, 4)
Batting: RHB Tyler Baker 0-0: Ball
1-0: Swinging Strike
1-1: Ball
2-1: Fly out, F9 (Flyball, 89M)
Batting: RHB Jorge Ramírez 0-0: DOUBLE (Line Drive, 7LS)
Batting: RHB Alfonso Huertas 0-0: Ball
1-0: Ball
2-0: Called Strike
2-1: Ground out 1-3 (Groundball, 13)
Bottom of the 2nd over - 0 run(s), 1 hit(s), 0 error(s), 1 left on base; Santa Fe 1 - West Virginia 1
TOP OF THE 3RD
Santa Fe Diablos batting - Pitching for West Virginia Power : RHP Enrique Rúbio
Batting: RHB Henning Huisman 0-0: Called Strike
0-1: Foul Ball, location: 2F
0-2: Strikes out swinging
Batting: RHB Robert Johnson 0-0: Called Strike
0-1: Ball
1-1: Ball
2-1: Ball
3-1: Foul Ball, location: 2F
3-2: Base on Balls
Batting: RHB Iván Gonzáles 0-0: Swinging Strike
0-1: Foul Ball, location: 2F
0-2: Fielders Choice at 2nd, 4-6 (Groundball, 4)
Batting: RHB Randy Sheppard 0-0: Ball
1-0: Ball
2-0: Fly out, F3 (Popup, 3L)
Top of the 3rd over - 0 run(s), 0 hit(s), 0 error(s), 1 left on base; Santa Fe 1 - West Virginia 1
BOTTOM OF THE 3RD
West Virginia Power batting - Pitching for Santa Fe Diablos : RHP Tex Perkins
Batting: RHB Eric Johnson 0-0: Called Strike
0-1: Foul Ball, location: 2F
0-2: Ball
1-2: Ground out 5-3 (Groundball, 5)
Batting: RHB Wilson Gonzáles 0-0: Called Strike
0-1: SINGLE (Line Drive, 8LS)
Batting: RHB Cristián Herrera 0-0: Called Strike
0-1: Called Strike
0-2: Strikes out looking
Batting: LHB Jesús Ángel 0-0: Called Strike
0-1: Swinging Strike
0-2: Fly out, F7 (Flyball, 8LS)
Bottom of the 3rd over - 0 run(s), 1 hit(s), 0 error(s), 1 left on base; Santa Fe 1 - West Virginia 1
TOP OF THE 4TH
Santa Fe Diablos batting - Pitching for West Virginia Power : RHP Enrique Rúbio
Batting: SHB António Hernández 0-0: Swinging Strike
0-1: Ball
1-1: Called Strike
1-2: Foul Ball, location: 2F
1-2: Ball
2-2: Strikes out looking
Batting: LHB Roberto Sandoval 0-0: Fly out, F8 (Flyball, 8LD)
Batting: RHB Michael Anderson 0-0: Called Strike
0-1: Ball
1-1: Swinging Strike
1-2: Ball
2-2: Ground out 6-3 (Groundball, 6)
Top of the 4th over - 0 run(s), 0 hit(s), 0 error(s), 0 left on base; Santa Fe 1 - West Virginia 1
BOTTOM OF THE 4TH
West Virginia Power batting - Pitching for Santa Fe Diablos : RHP Tex Perkins
Batting: RHB Rubén Ayala 0-0: Ball
1-0: Fly out, F6 (Popup, 6MD)
Batting: LHB Ernie Jackson 0-0: Ground out 4-3 (Groundball, 4)
Batting: RHB Tyler Baker 0-0: Ball
1-0: Foul Ball, location: 2F
1-1: Foul Ball, location: 2F
1-2: Ball
2-2: Ball
3-2: Ground out 4-3 (Groundball, 34D)
Bottom of the 4th over - 0 run(s), 0 hit(s), 0 error(s), 0 left on base; Santa Fe 1 - West Virginia 1
TOP OF THE 5TH
Santa Fe Diablos batting - Pitching for West Virginia Power : RHP Enrique Rúbio
Batting: RHB Jorge Rodríguez 0-0: Ball
1-0: Called Strike
1-1: Ball
2-1: Foul Ball, location: 2F
2-2: Ball
3-2: Foul Ball, location: 2F
3-2: Strikes out swinging
Batting: LHB Juan Ontiveros 0-0: Swinging Strike
0-1: Ball
1-1: Called Strike
1-2: Ball
2-2: Ball
3-2: Foul Ball, location: 2F
3-2: Strikes out swinging
Batting: RHB Henning Huisman 0-0: Ground out 4-3 (Groundball, 4M)
Top of the 5th over - 0 run(s), 0 hit(s), 0 error(s), 0 left on base; Santa Fe 1 - West Virginia 1
BOTTOM OF THE 5TH
West Virginia Power batting - Pitching for Santa Fe Diablos : RHP Tex Perkins
Batting: RHB Jorge Ramírez 0-0: Ball
1-0: Foul Ball, location: 2F
1-1: Foul Ball, location: 2F
1-2: Foul Ball, location: 2F
1-2: Ball
2-2: Ball
3-2: SOLO HOME RUN (Flyball, 78XD), Distance : 434 ft
Batting: RHB Alfonso Huertas 0-0: Ball
1-0: Ball
2-0: Called Strike
2-1: Ball
3-1: Fly out, F2 (Popup, 2RF)
Batting: RHB Eric Johnson 0-0: Called Strike
0-1: Ball
1-1: Ball
2-1: Swinging Strike
2-2: Strikes out swinging
Batting: RHB Wilson Gonzáles 0-0: Fly out, F9 (Flyball, 9M)
Bottom of the 5th over - 1 run(s), 1 hit(s), 0 error(s), 0 left on base; Santa Fe 1 - West Virginia 2
TOP OF THE 6TH
Santa Fe Diablos batting - Pitching for West Virginia Power : RHP Enrique Rúbio
Batting: RHB Robert Johnson 0-0: Ball
1-0: Called Strike
1-1: Ball
2-1: Ball
3-1: SINGLE (Flyball, 9LS) - OUT at second base trying to stretch hit.
Batting: RHB Iván Gonzáles 0-0: Called Strike
0-1: Called Strike
0-2: Ball
1-2: SINGLE (Line Drive, 8LS)
Pitching: RHP Howard Baker
Batting: RHB Randy Sheppard 0-0: Ball
1-0: Foul Ball, location: 2F
1-1: Ball
2-1: Foul Ball, location: 2F
2-2: SINGLE (Line Drive, 6D)
Iván Gonzáles to second
Pitching: RHP Juan Herrera
Batting: SHB António Hernández 0-0: Called Strike
0-1: Ball
1-1: Swinging Strike
1-2: Ball
2-2: SINGLE (Groundball, 56D)
Iván Gonzáles to third
Randy Sheppard to second
Runner from 3rd tries for Home, SAFE, no throw or cutoff
Pitching: RHP Cory Lowe
Batting: LHB Roberto Sandoval 0-0: Ball
Randy Sheppard steals 3rd base
António Hernández to second
1-0: SINGLE (Flyball, 8LS)
Randy Sheppard scores
António Hernández to third
Runner from 3rd tries for Home, SAFE, no throw or cutoff
Batting: RHB Michael Anderson 0-0: Ball
1-0: Called Strike
1-1: Foul Ball, location: 2F
1-2: Strikes out swinging
Batting: RHB Jorge Rodríguez 0-0: Called Strike
0-1: SINGLE (Line Drive, 56D)
Roberto Sandoval to second
Batting: LHB Juan Ontiveros 0-0: Foul Ball, location: 2F
0-1: Called Strike
0-2: Fly out, F6 (Popup, 6D)
Top of the 6th over - 3 run(s), 6 hit(s), 0 error(s), 2 left on base; Santa Fe 4 - West Virginia 2
BOTTOM OF THE 6TH
West Virginia Power batting - Pitching for Santa Fe Diablos : RHP Tex Perkins
Batting: RHB Cristián Herrera 0-0: Called Strike
0-1: Called Strike
0-2: Ball
1-2: Strikes out swinging
Batting: LHB Jesús Ángel 0-0: Ball
1-0: Ball
2-0: Foul Ball, location: 2F
2-1: Foul Ball, location: 2F
2-2: Ball
3-2: Strikes out swinging
Batting: RHB Rubén Ayala 0-0: Foul Ball, location: 2F
0-1: Ball
1-1: Ball
2-1: Ball
3-1: Ground out 5-3 (Groundball, 5)
Bottom of the 6th over - 0 run(s), 0 hit(s), 0 error(s), 0 left on base; Santa Fe 4 - West Virginia 2
TOP OF THE 7TH
Santa Fe Diablos batting - Pitching for West Virginia Power : RHP Cory Lowe
Batting: RHB Henning Huisman 0-0: Foul Ball, location: 2F
0-1: Foul Ball, location: 2F
0-2: Fly out, F9 (Flyball, 9M)
Batting: RHB Robert Johnson 0-0: Swinging Strike
0-1: SOLO HOME RUN (Flyball, 78D), Distance : 409 ft
Batting: RHB Iván Gonzáles 0-0: Ball
1-0: Foul Ball, location: 2F
1-1: Ball
2-1: SOLO HOME RUN (Flyball, 89XD), Distance : 426 ft
Batting: RHB Randy Sheppard 0-0: Ball
1-0: Ball
2-0: Swinging Strike
2-1: Ball
3-1: Base on Balls
Batting: SHB António Hernández 0-0: Ball
Throwing error on steal attempt, E2
Randy Sheppard to third
1-0: Ball
2-0: Called Strike
2-1: Ball
3-1: Base on Balls
Batting: LHB Roberto Sandoval 0-0: SINGLE (Line Drive, 4MD)
Randy Sheppard scores
António Hernández to second
Batting: RHB Michael Anderson 0-0: Fly out, F8 (Flyball, 8LM)
Batting: RHB Jorge Rodríguez 0-0: Ball
1-0: Ball
2-0: Ball
3-0: Called Strike
3-1: Base on Balls
António Hernández to third
Roberto Sandoval to second
Batting: LHB Juan Ontiveros 0-0: Ball
1-0: Called Strike
1-1: Ball
2-1: Foul Ball, location: 2F
2-2: Ball
3-2: Base on Balls
António Hernández scores
Roberto Sandoval to third
Jorge Rodríguez to second
Batting: RHB Henning Huisman 0-0: Ball
1-0: Ground out 1-3 (Groundball, 13)
Top of the 7th over - 4 run(s), 3 hit(s), 1 error(s), 3 left on base; Santa Fe 8 - West Virginia 2
BOTTOM OF THE 7TH
West Virginia Power batting - Pitching for Santa Fe Diablos : RHP Tex Perkins
Batting: LHB Ernie Jackson 0-0: Swinging Strike
0-1: Ground out U3 (Groundball, 3S)
Batting: RHB Tyler Baker 0-0: Foul Ball, location: 2F
0-1: Ball
1-1: Ball
2-1: Foul Ball, location: 2F
2-2: Ball
3-2: Strikes out swinging
Batting: RHB Jorge Ramírez 0-0: Ball
1-0: Ball
2-0: Ball
3-0: Called Strike
3-1: SOLO HOME RUN (Flyball, 78XD), Distance : 418 ft
Batting: RHB Alfonso Huertas 0-0: Called Strike
0-1: Fly out, F9 (Flyball, 89M)
Bottom of the 7th over - 1 run(s), 1 hit(s), 0 error(s), 0 left on base; Santa Fe 8 - West Virginia 3
TOP OF THE 8TH
Santa Fe Diablos batting - Pitching for West Virginia Power : RHP Cory Lowe
Batting: RHB Robert Johnson 0-0: Ball
1-0: SINGLE (Line Drive, 89M)
Batting: RHB Iván Gonzáles 0-0: Called Strike
0-1: Called Strike
0-2: SINGLE (Line Drive, 78S)
Robert Johnson to second
Batting: RHB Randy Sheppard 0-0: Called Strike
0-1: Ball
1-1: Swinging Strike
1-2: Ball
2-2: Foul Ball, location: 2F
2-2: Ball
3-2: Base on Balls
Robert Johnson to third
Iván Gonzáles to second
Batting: SHB António Hernández 0-0: Fly out, F3 (Line Drive, 34)
Batting: LHB Roberto Sandoval 0-0: Foul Ball, location: 2F
0-1: Called Strike
0-2: Ball
1-2: Grounds out, U3 (Groundball, 3L)
Robert Johnson scores
Iván Gonzáles to third
Pitching: RHP Mark Sanders
Batting: RHB Michael Anderson 0-0: Ball
1-0: Foul Ball, location: 2F
1-1: Fly out, F8 (Flyball, 8RM)
Top of the 8th over - 1 run(s), 2 hit(s), 0 error(s), 2 left on base; Santa Fe 9 - West Virginia 3
BOTTOM OF THE 8TH
West Virginia Power batting - Pitching for Santa Fe Diablos : RHP Tex Perkins
Batting: RHB Eric Johnson 0-0: Ball
1-0: Ball
2-0: Ball
3-0: Called Strike
3-1: Base on Balls
Pitching: RHP Clarence Allen
Batting: RHB Wilson Gonzáles 0-0: Ball
1-0: Called Strike
1-1: Swinging Strike
1-2: Strikes out swinging
Batting: RHB Cristián Herrera 0-0: SINGLE (Flyball, 7S)
Eric Johnson to second
Batting: LHB Jesús Ángel 0-0: Called Strike
0-1: Ball
1-1: Foul Ball, location: 2F
1-2: Foul Ball, location: 2F
1-2: Strikes out looking
Batting: RHB Rubén Ayala 0-0: Called Strike
0-1: Ball
1-1: Swinging Strike
1-2: Strikes out looking
Bottom of the 8th over - 0 run(s), 1 hit(s), 0 error(s), 2 left on base; Santa Fe 9 - West Virginia 3
TOP OF THE 9TH
Santa Fe Diablos batting - Pitching for West Virginia Power : RHP Mark Sanders
Batting: RHB Jorge Rodríguez 0-0: Ground out 6-3 (Groundball, 6)
Batting: LHB Juan Ontiveros 0-0: Ground out 4-3 (Groundball, 4M)
Batting: RHB Henning Huisman 0-0: Ball
1-0: Ball
2-0: Swinging Strike
2-1: Ground out 6-3 (Groundball, 6)
Top of the 9th over - 0 run(s), 0 hit(s), 0 error(s), 0 left on base; Santa Fe 9 - West Virginia 3
BOTTOM OF THE 9TH
West Virginia Power batting - Pitching for Santa Fe Diablos : RHP Clarence Allen
Batting: LHB Ernie Jackson 0-0: Fly out, F2 (Popup, 25F)
Batting: RHB Tyler Baker 0-0: Ball
1-0: Called Strike
1-1: Called Strike
1-2: Ball
2-2: Ball
3-2: Strikes out swinging
Batting: RHB Jorge Ramírez 0-0: Ball
1-0: Called Strike
1-1: Ball
2-1: Ball
3-1: Base on Balls
Batting: RHB Alfonso Huertas 0-0: Ball
1-0: Called Strike
1-1: Foul Ball, location: 2F
1-2: Fly out, F2 (Popup, 2RF)
Bottom of the 9th over - 0 run(s), 0 hit(s), 0 error(s), 1 left on base; Santa Fe 9 - West Virginia 3
This league is powered by Out of the Park Baseball, the baseball management simulation game for PC, Mac and Linux
Wednesday, December 2nd, 2015 - OOTP Baseball 16.8 Build 38